 Dungeon Crawl Stone Soup version 0.31-a0-1165-g196b491b36 (webtiles) character file.

Game seed: 6541954841648164444

2242 backslashecho the Frost Mage (level 9, -2/51 HPs)
             Began as an Octopode Ice Elementalist on Dec 9, 2023.
             Slain by a boulder beetle (49 damage)
             ... on level 6 of the Dungeon on Dec 10, 2023.
             The game lasted 00:22:00 (6369 turns).

backslashecho the Frost Mage (OpIE)                 Turns: 6369, Time: 00:22:00

Health: -2/51      AC:  9    Str: 13    XL:     9   Next: 37%
Magic:  8/18       EV: 13    Int: 21    God:
Gold:   249        SH:  0    Dex: 13    Spells: 6/20 levels left

rFire   . . .        a - +1 short sword (venom)
rCold   . . .        s - orb {light}
rNeg    . . .        (helmet restricted)
rPois   .            (no amulet)
rElec   .            e - +6 ring of strength
rCorr   .            (no ring)
SInv    .            (no ring)
Will    .....        (no ring)
Stlth   ++           (no ring)
HPRegen 0.28/turn    (no ring)
MPRegen 0.16/turn    (no ring)
                     (no ring)

%: no passive effects
@: ice-armoured, glowing
A: almost no armour, amphibious, 8 rings, camouflage 1, gelatinous body 1,
(nimble swimmer 1), tentacles
a: no special abilities


You were on level 6 of the Dungeon.
You visited 1 branch of the dungeon, and saw 6 of its levels.

You collected 249 gold pieces.

Inventory:

Hand Weapons
 a - a +1 short sword of venom (weapon)
 k - the +2 mace of the Harvest {protect, rElec MP-9 Int+4}
   (You found it on level 2 of the Dungeon)

   Int+4:     It affects your intelligence (+4).
   rElec:     It insulates you from electricity.
   MP-9:      It affects your magic capacity (-9).
Missiles
 g - 2 throwing nets
 l - 6 poisoned darts (quivered)
Armour
 s - an orb of light (worn)
Magical Staves
 b - a staff of earth
Jewellery
 e - a +6 ring of strength (left tentacle)
Talismans
 w - a maw talisman
 y - a serpent talisman
Wands
 t - a wand of charming (5)
Scrolls
 d - a scroll of vulnerability {unknown}
 f - 3 scrolls of noise
 j - 2 scrolls of enchant weapon {unknown}
 m - a scroll of teleportation {unknown}
 n - a scroll of blinking {unknown}
 u - a scroll of fear {unknown}
 x - 3 scrolls of identify
Potions
 c - a potion of magic
 h - 2 potions of attraction {unknown}
 i - 2 potions of degeneration {unknown}
 o - 3 potions of heal wounds
 p - 2 potions of ambrosia
 q - 2 potions of enlightenment {unknown}
 r - a potion of mutation {unknown}
 v - a potion of resistance {unknown}
 z - a potion of lignification {unknown}


   Skills:
 - Level 2.0 Short Blades
 - Level 2.0 Dodging
 - Level 3.0 Stealth
 + Level 6.1 Spellcasting
 + Level 4.7 Summonings
 - Level 9.0 Ice Magic
 * Level 3.0 Shapeshifting


You had 6 spell levels left.
You knew the following spells:

 Your Spells              Type           Power      Damage    Failure   Level
a - Freeze                Ice            100%       1d10      1%          1
b - Ozocubu's Armour      Ice            44%        N/A       1%          3
c - Frozen Ramparts       Ice            88%        1d14      1%          3
d - Summon Ice Beast      Ice/Summ       35%        N/A       6%          4
e - Hailstorm             Conj/Ice       25%        3d7       4%          3

Your spell library contained the following spells:

 Spells                   Type           Power      Damage    Failure   Level
 Ensorcelled Hibernation  Hex/Ice        50%        N/A       2%          2
 Slow                     Hex            24%        N/A       10%         1
 Jinxbite                 Hex            12%        N/A       14%         2
 Confusing Touch          Hex            6%         N/A       28%         3
 Sigil of Binding         Hex            6%         N/A       28%         3
 Vampiric Draining        Necr           6%         2d6       28%         3
 Anguish                  Hex/Necr       3%         N/A       67%         4


Dungeon Overview and Level Annotations

Branches:
Dungeon (6/15)
 Temple: D:4-7

Altars:
Cheibriados
Gozag
Vehumet

Shops:
D:3 *

Annotations:
D:3 Terence


Innate Abilities, Weirdness & Mutations

You cannot wear most types of armour.
You are amphibious.
You can wear up to eight rings at the same time.
Your skin changes colour to match your surroundings (Stealth+).
Your rubbery body absorbs attacks. (AC +1, EV +1)
((You are camouflaged when in or above water. (Stealth+)))
You have tentacles for arms and can constrict up to eight enemies at once.


Message History

The boulder beetle leaps!
Throw: 10 darts (poison)
Press: ? - help, Q - select action, (/) - cycle Shift-Dir - straight line, f/p - boulder beetle
Aim: a boulder beetle (lightly wounded, very poisoned, ally target, 88% to hit)
You throw a poisoned dart.
The poisoned dart barely misses the boulder beetle.
Your ice beast hits the boulder beetle.
Your ice beast freezes the boulder beetle!
Throw: 9 darts (poison)
Press: ? - help, Q - select action, (/) - cycle Shift-Dir - straight line, f/p - boulder beetle
Aim: a boulder beetle (moderately wounded, very poisoned, ally target, 88% to hit)
Okay, then.
Your ice beast hits the boulder beetle but does no damage.
Throw: 9 darts (poison)
Press: ? - help, Q - select action, (/) - cycle Shift-Dir - straight line, f/p - boulder beetle
Aim: a boulder beetle (moderately wounded, very poisoned, ally target, 88% to hit)
You throw a poisoned dart.
The poisoned dart hits the boulder beetle.
The boulder beetle looks even sicker.
The boulder beetle is moderately wounded.
The boulder beetle waves its antennae.
Your ice beast hits the boulder beetle but does no damage.
Throw: 8 darts (poison)
Press: ? - help, Q - select action, (/) - cycle Shift-Dir - straight line, f/p - boulder beetle
Aim: a boulder beetle (moderately wounded, not watching you, very poisoned, ally target, 88% to hit)
You throw a poisoned dart.
The poisoned dart hits the boulder beetle.
The boulder beetle is moderately wounded.
The boulder beetle curls into a ball and begins rolling!
Your ice beast hits the boulder beetle but does no damage.
Throw: 7 darts (poison)
Press: ? - help, Q - select action, (/) - cycle Shift-Dir - straight line, f/p - boulder beetle
Aim: a boulder beetle (heavily wounded, rolling, very poisoned, ally target, 88% to hit)
You throw a poisoned dart.
The poisoned dart hits the boulder beetle.
The boulder beetle is heavily wounded.
Casting: Freeze (safe; 1% risk of failure)
Confirm with . or Enter, or press ? or * to list all spells.
A film of ice covers your body!
The frozen ramparts melt away.
You now have 9/18 mp.
Casting: Ozocubu's Armour (safe; 1% risk of failure)
Confirm with . or Enter, or press ? or * to list all spells.
Aiming: Freeze (safe; 1% risk of failure)
Press: ? - help, Shift-Dir - straight line, f/p - boulder beetle
Aim: a boulder beetle (heavily wounded, rolling, very poisoned, ally target, haloed)
You freeze the boulder beetle!
The boulder beetle is severely wounded.
The boulder beetle hits you!!!
Ouch! That really hurt!
You die...

### ..# #.# #.# ###+#####.#
........#.# #.......#.#######
#
#............@..###########.##
#.......#...##B)..............
#......<#...##.°Y(............
#.......#...##..°.(...........
#.#.........##...(..(....°....
#.#######...##....(.(.........
#...<.........................
#..###########............####
#.. #............#


You could see a boulder beetle (rolling, very poisoned, ally target) and a
friendly ice beast (summoned).

Vanquished Creatures
  A two-headed ogre (D:5)
  A black bear (D:5)
  3 ogres (D:5)
  A phantom (D:5)
  2 kobold brigands
  Blork the orc (D:5)
  A bullfrog (D:5)
  4 scorpions
  A howler monkey (D:4)
  3 hounds
  A jelly (D:5)
  A gnoll bouda (D:5)
  An orc priest (D:5)
  2 sleepcaps
  2 iguanas (D:4)
  An orc wizard (D:5)
  8 gnolls
  13 adders
  3 worms
  5 dart slugs
  10 orcs
  5 ball pythons
  A bat (D:3)
  3 endoplasms
  A giant cockroach (D:1)
  6 goblins
  12 hobgoblins
  7 jackals
  11 kobolds
  9 quokkas
  6 frilled lizards
  5 rats
131 creatures vanquished.

Vanquished Creatures (collateral kills)
  2 jellies (D:5)
  An orc (D:6)
3 creatures vanquished.

Grand Total: 134 creatures vanquished

Notes
Turn   | Place    | Note
-------+----------+-------------------------------------------
     0 | D:1      | backslashecho the Octopode Ice Elementalist began the quest
                  | for the Orb.
     0 | D:1      | Reached XP level 1. HP: 11/11 MP: 3/3
    78 | D:1      | Reached XP level 2. HP: 17/17 MP: 3/5
   370 | D:1      | Reached XP level 3. HP: 15/21 MP: 6/6
   405 | D:1      | Learned a level 3 spell: Ozocubu's Armour
  1313 | D:2      | Found a faded altar of an unknown god.
  1469 | D:2      | Reached skill level 1 in Short Blades
  1474 | D:2      | Reached XP level 4. HP: 2/27 MP: 3/7
  1520 | D:2      | Learned a level 3 spell: Frozen Ramparts
  1585 | D:2      | HP: 1/27 [gnoll/+1 whip of freezing (4)]
  1694 | D:2      | Reached skill level 5 in Ice Magic
  1784 | D:2      | Identified the +2 mace of the Harvest {protect, rElec MP-9
                  | Int+4}
  2127 | D:2      | Reached XP level 5. HP: 31/31 MP: 0/9
  2779 | D:3      | Found Upaupivi's Assorted Antiques.
  2922 | D:3      | Noticed Terence
  3546 | D:3      | Identified the +0 ring mail of Midnight {Int+5}
  3831 | D:4      | Reached skill level 1 in Summonings
  3831 | D:4      | Reached XP level 6. HP: 30/36 MP: 1/10
  4031 | D:4      | Reached skill level 6 in Ice Magic
  4139 | D:4      | Reached XP level 7. HP: 32/41 MP: 0/12
  4546 | D:4      | Found a radiant altar of Vehumet.
  4795 | D:4      | Learned a level 4 spell: Summon Ice Beast
  4896 | D:5      | Entered Level 5 of the Dungeon
  4936 | D:5      | Reached skill level 7 in Ice Magic
  5128 | D:5      | Noticed a two-headed ogre
  5277 | D:5      | Found a snail-covered altar of Cheibriados.
  5347 | D:5      | Reached XP level 8. HP: 27/46 MP: 8/14
  5355 | D:5      | Killed a two-headed ogre
  5356 | D:5      | Reached skill level 5 in Spellcasting
  5356 | D:5      | Reached skill level 9 in Ice Magic
  5360 | D:5      | Learned a level 3 spell: Hailstorm
  5462 | D:5      | Reached XP level 9. HP: 42/51 MP: 10/17
  5560 | D:5      | Noticed Blork the orc
  5617 | D:5      | Reached skill level 1 in Shapeshifting
  5972 | D:5      | Found an opulent altar of Gozag.
  6132 | D:5      | Killed Blork the orc
  6344 | D:6      | Noticed a boulder beetle
  6369 | D:6      | Slain by a boulder beetle

Illustrated notes

Levels and vault maps discovered:
D:1:      nzn_arrival_crosshair, layout_basic
D:2:      layout_loops_corners, chequers_ecumenical_altar_island,
          chequers_serial_rivers_micro_a, minmay_tromino_v4_c
D:3:      layout_basic, gammafunk_temple_overflow_wave, serial_shops,
          nicolae_square_shop, minmay_pentangle, uniq_terence
D:4:      layout_cave_pools, mainiacjoe_overflow_paths
D:5:      layout_rooms, lemuel_round_altar, minmay_crystal_water,
          minmay_ruined_shrine, uniq_blork_the_orc
D:6:      layout_basic, gammafunk_ghost_cemetery, minmay_manual_monolith,
          uniq_pikel

Skill      XL: |  1  2  3  4  5  6  7  8  9 |
---------------+----------------------------+-----
Stealth        | 3 |  3.0
Short Blades   | 1 2 |  2.0
Ice Magic      | 5 6 7 9 |  9.0
Spellcasting   | 3 4 5 6 |  6.1
Summonings     | 1 2 3 4 |  4.7
Shapeshifting  | 3 |  3.0
Dodging        | |  2.0

Action                     |  1- 3 |  4- 6 |  7- 9 || total
---------------------------+-------+-------+-------++-------
  Melee: Unarmed           |     9 |       |       ||     9
         Tentacles         |     8 |    12 |    12 ||    32
         Constrict         |    12 |    14 |    12 ||    38
         Punch             |     1 |       |       ||     1
         Short sword       |    36 |    44 |    38 ||   118
         Dagger            |     6 |       |       ||     6
  Throw: Dart              |       |     1 |    18 ||    19
         Throwing net      |       |       |     1 ||     1
   Cast: Freeze            |    17 |    57 |    40 ||   114
         Ozocubu's Armour  |     2 |     4 |     5 ||    11
         Frozen Ramparts   |       |     9 |    13 ||    22
         Summon Ice Beast  |       |       |     4 ||     4
         Hailstorm         |       |       |     1 ||     1
  Evoke: Wand              |       |     2 |       ||     2
    Use: Scroll            |       |     3 |       ||     3
         Potion            |       |     1 |       ||     1
   Stab: Sleeping          |     8 |     8 |       ||    16
 Armour: Skin              |    26 |    35 |    41 ||   102
  Dodge: Dodged            |    28 |    55 |    31 ||   114

Table legend: (Time is in decaauts)
 A = Elapsed time spent in this place.
 B = Non-inter-level travel time spent in this place.
 C = Inter-level travel time spent in this place.
 D = Time resting spent in this place.
 E = Time spent auto-exploring this place.
 F = Levels seen in this place.
 G = Mean time per level.
                   A        B        C        D        E       F      G
               +--------+--------+--------+--------+--------+-----+--------+
         Total |   6358 |   5825 |    533 |   1430 |   2804 |   6 | 1059.7 |
       Dungeon |   6358 |   5825 |    533 |   1430 |   2804 |   6 | 1059.7 |
               +--------+--------+--------+--------+--------+-----+--------+

Top non-repeatable levels by time:
     D:2: 1635 daAuts
     D:3: 1348 daAuts
     D:5: 1316 daAuts
     D:1: 1019 daAuts
     D:4: 994 daAuts
     D:6: 45 daAuts
